 Dungeon Crawl Stone Soup version 0.24-a0-244-ga6a6ab7d13 (webtiles) character file.

Game seed: 7881893699370423000

2377 Redear the Slasher (level 9, -7/66 HPs)
             Began as an Octopode Berserker on Apr 11, 2019.
             Was a Priest of Trog.
             Mangled by a killer bee (10 damage)
             ... on level 6 of the Dungeon.
             The game lasted 00:16:51 (5456 turns).

Redear the Slasher (Octopode Berserker)             Turns: 5456, Time: 00:16:52

Health: -7/66      AC:  1    Str: 17    XL:     9   Next: 45%
Magic:  9/9        EV: 17    Int: 10    God:    Trog [***...]
Gold:   246        SH:  0    Dex: 13    Spells: 8/8 levels left

rFire    . . .     SeeInvis .   a - +0 falchion
rCold    + . .     Gourm    .   (no shield)
rNeg     . . .     Faith    .   (helmet restricted)
rPois    .         Spirit   .   (no amulet)
rElec    .         Reflect  .   c - ring of protection from cold {rC+}
rCorr    +         Harm     .   g - ring of resist corrosion
MR       .....                  (no ring)
Stlth    ++........             (no ring)
HPRegen  0.21/turn              (no ring)
MPRegen  0.11/turn              (no ring)
                                (no ring)
                                (no ring)

@: lethally poisoned (-7 -> -11), berserk cooldown, starving
A: almost no armour, stealthy swim, amphibious, 8 rings, constrict 8, camouflage
1, gelatinous body 1
a: Berserk, Trog's Hand, Renounce Religion


You were on level 6 of the Dungeon.
You worshipped Trog.
Trog was most pleased with you.
You were starving.

You visited 1 branch of the dungeon, and saw 7 of its levels.
You also visited: Sewer.

You collected 321 gold pieces.
You spent 75 gold pieces at shops.

Inventory:

Hand Weapons
 a - a +0 falchion (weapon)
 n - a +1 hunting sling of flaming
 w - a +2 dagger of draining
 x - a +2 dagger of draining
Missiles
 h - 100 arrows
 k - 303 stones (quivered)
 o - 14 bolts
 r - 41 sling bullets
 y - 21 poisoned needles
 C - 3 javelins
Jewellery
 c - a ring of protection from cold (left tentacle) {rC+}
 g - a ring of resist corrosion (right tentacle)
Wands
 b - a wand of polymorph (6)
 i - a wand of disintegration (20)
Scrolls
 d - 2 scrolls of amnesia
 m - 4 scrolls of teleportation {unknown}
 q - a scroll of immolation
 t - a scroll of enchant weapon {unknown}
 u - a scroll of random uselessness {unknown}
 v - a scroll of fog {unknown}
 A - 3 scrolls of fear {unknown}
 B - a scroll of blinking {@r4}
 M - 2 scrolls of magic mapping
 N - a scroll of remove curse {@r2}
Potions
 e - a potion of flight {unknown}
 f - a potion of cancellation {unknown}
 j - 3 potions of magic
 l - 4 potions of brilliance {Archmagi Int+5 Wiz++}
 p - 2 potions of heal wounds {unknown}
 s - a potion of degeneration {unknown}
 E - a potion of might {unknown}
Comestibles
 z - 6 rations


   Skills:
 + Level 7.8 Fighting
 + Level 7.8 Long Blades
 + Level 7.8 Dodging


You had 8 spell levels left.
You didn't know any spells.
Your spell library was empty.

Dungeon Overview and Level Annotations

Branches:
Dungeon (7/15)             Temple (0/1) D:4

Altars:

Shops:
D:5 ?   D:6 *[


Innate Abilities, Weirdness & Mutations

You cannot wear most types of armour.
You are very stealthy in the water. (Stealth+)
You are amphibious.
You can wear up to eight rings at the same time.
You can use your tentacles to constrict eight enemies at once.
Your skin changes colour to match your surroundings (Stealth+).
Your rubbery body absorbs attacks. (AC +1, EV +1)


Message History

The killer bee poisons you! The bullfrog hits you!
* * * LOW HITPOINT WARNING * * *
The killer bee stings you.
* * * LOW HITPOINT WARNING * * *
You are lethally poisoned!
The killer bee poisons you! The killer bee closely misses you.
The killer bee stings you.
* * * LOW HITPOINT WARNING * * *
The bullfrog misses you.
You take 23 damage, and have 1/65 hp.
MASSIVE DAMAGE!!
Unknown command.
Okay, then.
You feel better.
You constrict the killer bee.
You kill the killer bee!
Trog accepts your kill. The killer bee stings you!
* * * LOW HITPOINT WARNING * * *
You are lethally poisoned!
The killer bee poisons you! The killer bee stings you!
You die...

#....#..#...#.......#......
#..####.#...........##.###.
##.......#.#........##.###.
##..#.....#......###...##.
##.##............##......
###......##................
##.....#..##................
#......#.###................
#.........y@................
###..........Fy.........#.....
#...........####...#...##.....
#...........## ##.............
##...........## ##............
##...........####.....###....
##...#).....................
###.#.####...##......#.....
##...###..#####.#..###...


You could see a bullfrog and 2 killer bees.

Vanquished Creatures
  A hungry ghost (D:6)
  Edmund (D:5)
  2 ice beasts (D:6)
  A sky beast (D:5)
  3 phantoms
  An ogre (D:5)
  3 centaurs
  3 big kobolds (Sewer)
  A jelly (D:4)
  A scorpion (D:6)
  A killer bee (D:6)
  3 howler monkeys
  3 crimson imps (D:5)
  3 hounds
  A centaur skeleton (D:4)
  3 orc priests
  2 iguanas
  An orc wizard (D:5)
  5 worker ants
  A hound skeleton (D:7)
  3 gnolls (D:6)
  12 adders
  2 shadow imps
  4 oozes
  3 worms
  2 dart slugs
  A leopard gecko (D:6)
  13 orcs
  7 ball pythons
  7 giant cockroaches
  9 goblins
  11 hobgoblins
  6 quokkas
  A ball python zombie (D:5)
  9 bats
  4 frilled lizards
  A jackal skeleton (D:3)
  12 kobolds
  A quokka zombie (D:7)
  6 rats
154 creatures vanquished.

Notes
Turn   | Place    | Note
-------+----------+-------------------------------------------
     0 | D:1      | Redear the Octopode Berserker began the quest for the Orb.
     0 | D:1      | Reached XP level 1. HP: 16/16 MP: 1/1
   151 | D:1      | Reached XP level 2. HP: 19/21 MP: 2/2
   399 | D:1      | Reached XP level 3. HP: 26/26 MP: 3/3
   654 | D:1      | Reached ** piety under Trog
  1091 | D:2      | Reached XP level 4. HP: 30/33 MP: 4/4
  1765 | D:3      | Reached skill level 4 in Fighting
  1765 | D:3      | Reached skill level 4 in Long Blades
  1765 | D:3      | Reached skill level 4 in Dodging
  1799 | D:3      | Reached XP level 5. HP: 35/37 MP: 5/5
  2603 | D:4      | Found a staircase to the Ecumenical Temple.
  2718 | D:4      | HP: 2/38 [centaur skeleton (4)]
  2721 | D:4      | Reached XP level 6. HP: 1/44 MP: 6/6
  3436 | D:5      | Entered Level 5 of the Dungeon
  3436 | D:5      | Noticed a phantom
  3445 | D:5      | Killed a phantom
  3446 | D:5      | Reached skill level 5 in Fighting
  3446 | D:5      | Reached skill level 5 in Long Blades
  3446 | D:5      | Reached skill level 5 in Dodging
  3446 | D:5      | Reached XP level 7. HP: 50/50 MP: 7/7
  3567 | D:5      | Reached *** piety under Trog
  3761 | D:5      | Found Pyzah's Magic Scroll Boutique.
  3771 | D:5      | Bought a scroll of blinking for 75 gold pieces
  3868 | D:5      | Reached XP level 8. HP: 57/57 MP: 8/8
  3941 | D:5      | Reached skill level 6 in Fighting
  3941 | D:5      | Reached skill level 6 in Long Blades
  3941 | D:5      | Reached skill level 6 in Dodging
  3998 | D:5      | Noticed Edmund
  4009 | D:5      | Killed Edmund
  4296 | D:6      | Found Etzamoc's Lightly-Used Armoury.
  4320 | D:6      | Reached skill level 7 in Long Blades
  4335 | D:6      | Found Onkaci's Antique Armour Emporium.
  4413 | D:6      | Paralysed by fainting for 5 turns
  4427 | D:6      | HP: 6/87 [gnoll/+0 spear (7)]
  4428 | D:6      | Reached skill level 7 in Fighting
  4428 | D:6      | Reached skill level 7 in Dodging
  4428 | D:6      | Reached XP level 9. HP: 7/64 MP: 9/9
  4776 | D:6      | Found a glowing drain.
  4781 | Sewer    | Entered a sewer
  5455 | D:6      | HP: 6/65 [killer bee (4)]
  5455 | D:6      | HP: 1/65 [killer bee (5)]
  5456 | D:6      | Mangled by a killer bee

Levels and vault maps discovered:
D:1:      eino_arrival_tree_alley, layout_loops_corners, minmay_tiny_reverse_x
D:2:      layout_basic, first_ration, minmay_misc_feat_tower
D:3:      layout_basic
D:4:      layout_gridville, minmay_temple_entry_arrows
D:5:      layout_rooms, serial_shops, shop, solitary_fountain, uniq_edmund
D:6:      layout_cave_pools, serial_shops, shop, portal_sewer_entry_e,
          minmay_shop_damaged
D:7:      layout_rooms, uniq_pikel
Sewer:    sewer_co_15_rooms

Skill      XL: |  1  2  3  4  5  6  7  8 |
---------------+-------------------------+-----
Fighting       | 4 5 7 |  7.8
Long Blades    | 4 5 7 |  7.8
Dodging        | 4 5 7 |  7.8

Action                   |  1- 3 |  4- 6 |  7- 9 || total
-------------------------+-------+-------+-------++-------
Melee: Falchion          |    62 |    95 |   200 ||   357
       Constrict         |    23 |    26 |    46 ||    95
       Tentacles         |    10 |    25 |    58 ||    93
       Dagger            |       |       |     2 ||     2
Invok: Trog's Hand       |       |     3 |     8 ||    11
       Berserk           |       |     2 |     7 ||     9
  Use: Scroll            |       |     4 |     4 ||     8
       Potion            |       |       |     2 ||     2
 Stab: Sleeping          |    11 |     6 |     1 ||    18
  Eat: Chunk             |       |     6 |    13 ||    19
       Ration            |       |     1 |     2 ||     3
Armor: Skin              |     3 |     5 |     9 ||    17
Dodge: Dodged            |    48 |    57 |   196 ||   301
       Rpst.: Falchion   |    20 |    16 |    56 ||    92

Table legend:
 A = Non-vault XP
 B = Vault XP
 C = Vault XP percentage of total XP
 D = Non-vault monster count
 E = Vault monster count
 F = Vault count percentage of total count
                 A         B        C        D         E       F
            +---------+---------+-------+---------+---------+-------
      Total |    2874 |     523 |  15.4 |     129 |      25 |  16.2
            +---------+---------+-------+---------+---------+-------
        D:1 |      49 |       2 |   3.9 |      25 |       2 |   7.4
        D:2 |      43 |       0 |   0.0 |      15 |       0 |   0.0
        D:3 |      96 |       0 |   0.0 |      18 |       0 |   0.0
        D:4 |     258 |       0 |   0.0 |      17 |       0 |   0.0
        D:5 |     897 |     166 |  15.6 |      18 |       1 |   5.3
        D:6 |    1337 |       0 |   0.0 |      29 |       0 |   0.0
        D:7 |     194 |       0 |   0.0 |       7 |       0 |   0.0
      Sewer |       0 |     355 | 100.0 |       0 |      22 | 100.0
            +---------+---------+-------+---------+---------+-------
